General information
			
			
        
        - name: jay2
 
        - type: Custom game
 
        - host: BRAUMS
 
        - saver: TIMG4STRok
 
        
map: TwistedMeadows 
        - players: 5
 
        - length: 25:29
 
        - speed: Fast
 - version: 1.22 W3XP
 - replay type:  

 
» download(132 KB)
Players
        team 1 (winner) 
              
              
TIMG4STRok (
gray | 155 APM | 3955 actions | 25:29)
              
 5 Warden 
 3 Shadow Strike
 2 Blink
 5 Pandaren Brewmaster 
 3 Breath of Fire
 1 Drunken Haze
 1 Drunken Brawler
 3 Pit Lord 
 1 Howl of Terror
 2 Cleaving Attack
 
                » actions 
                
                | Assign group hotkey | 35 |  | 
| Basic commands | 209 |  | 
| Build / train | 100 |  | 
| ESC pressed | 5 |  | 
| Enter build submenu | 18 |  | 
| Enter hero's abilities submenu | 13 |  | 
| Give item / drop item | 4 |  | 
| Right click | 1844 |  | 
| Select / deselect | 360 |  | 
| Select group hotkey | 1230 |  | 
| Use ability | 137 |  | 
                3955 total
 » units 
                
                | Wisp | 32 |  | 
| Archer | 5 |  | 
| Dryad | 10 |  | 
| Druid of the Claw | 7 |  | 
                54 total
 » upgrades
                
                | Abolish Magic | 1 |  | 
| Druid of the Claw Training | 2 |  | 
| Reinforced Hides | 2 |  | 
| Well Spring | 1 |  | 
| Strength of the Wild | 3 |  | 
| Ultravision | 1 |  | 
| Mark of the Claw | 1 |  | 
| Nature's Blessing | 1 |  | 
                12 total
 » buildings
                
                | Altar of Elders | 1 |  | 
| Moon Well | 7 |  | 
| Ancient of War | 1 |  | 
| Tree of Ages | 1 |  | 
| Hunter's Hall | 1 |  | 
| Ancient of Lore | 2 |  | 
| Ancient of Wonders | 2 |  | 
| Tree of Eternity | 1 |  | 
| Tree of Life | 2 |  | 
| Ancient of Wind | 1 |  | 
                19 total
 » build order
                00:05 Altar of Elders
00:18 Moon Well
00:34 Ancient of War
01:47 Moon Well
02:41 Tree of Ages
03:01 Hunter's Hall
03:32 Moon Well
03:34 Moon Well
04:26 Moon Well
06:02 Ancient of Lore
06:04 Ancient of Lore
06:06 Ancient of Wonders
06:34 Tree of Eternity
09:03 Moon Well
13:24 Ancient of Wonders
13:41 Tree of Life
15:13 Moon Well
15:25 Tree of Life
18:22 Ancient of Wind
» items
                
                | Boots of Speed | 1 |  | 
| Staff of Preservation | 1 |  | 
| Moonstone | 1 |  | 
| Potion of Healing | 3 |  | 
| Lesser Clarity Potion | 1 |  | 
| Potion of Mana | 2 |  | 
| Orb of Venom | 2 |  | 
| Anti-magic Potion | 1 |  | 
| Scroll of Town Portal | 1 |  | 
                13 total
  
               team 2 (loser) 
              
              
ipractice2suck (
teal | 254 APM | 6480 actions | 25:28)
              
 5 Death Knight 
 3 Death Coil
 1 Unholy Aura
 1 Death Pact
 5 Naga Sea Witch 
 2 Frost Arrows
 3 Forked Lightning
 3 Lich 
 2 Frost Nova
 1 Dark Ritual
 
                » actions 
                
                | Assign group hotkey | 74 |  | 
| Basic commands | 169 |  | 
| Build / train | 120 |  | 
| Enter build submenu | 19 |  | 
| Enter hero's abilities submenu | 13 |  | 
| Give item / drop item | 12 |  | 
| Remove unit from queue | 7 |  | 
| Right click | 2289 |  | 
| Select / deselect | 1096 |  | 
| Select group hotkey | 2474 |  | 
| Use ability | 207 |  | 
                6480 total
 » units 
                
                | Acolyte | 9 |  | 
| Ghoul | 17 |  | 
| Crypt Fiend | 2 |  | 
| Obsidian Statue | 7 |  | 
| Frost Wyrm | 2 |  | 
| Abomination | 12 |  | 
                49 total
 » upgrades
                
                | Ghoul Frenzy | 1 |  | 
| Destroyer Form | 1 |  | 
| Creature Attack | 1 |  | 
| Creature Carapace | 1 |  | 
                4 total
 » buildings
                
                | Crypt | 2 |  | 
| Ziggurat | 7 |  | 
| Altar of Darkness | 1 |  | 
| Halls of the Dead | 4 |  | 
| Tomb of Relics | 2 |  | 
| Graveyard | 1 |  | 
| Slaughterhouse | 1 |  | 
| Black Citadel | 2 |  | 
| Sacrificial Pit | 1 |  | 
| Boneyard | 1 |  | 
                22 total
 » build order
                00:06 Crypt
00:10 Ziggurat
00:12 Ziggurat
00:39 Altar of Darkness
01:00 Ziggurat
02:25 Halls of the Dead
02:26 Halls of the Dead
02:35 Tomb of Relics
02:38 Tomb of Relics
03:15 Crypt
03:30 Graveyard
04:25 Ziggurat
06:38 Slaughterhouse
07:21 Black Citadel
07:21 Black Citadel
08:25 Ziggurat
12:29 Ziggurat
12:30 Sacrificial Pit
12:32 Ziggurat
13:27 Boneyard
» items
                
                | Dust of Appearance | 1 |  | 
| Rod of Necromancy | 2 |  | 
| Potion of Healing | 6 |  | 
| Potion of Lesser Invulnerability | 1 |  | 
| Orb of Corruption | 1 |  | 
| Scroll of Town Portal | 2 |  | 
| Potion of Mana | 1 |  | 
| Scroll of Healing | 3 |  | 
                17 total
  
               refereesBRAUMS, 
Betrayed_Spirit, 
aLiCiOUS Chat log
          (00:09 / All) aLiCiOUS: timG4STROK VENT HACKS
(00:26 / All) ipractice2suck: glgl
(00:29 / All) TIMG4STRok: gg gl
(00:29 / All) ipractice2suck: ima rape u
(00:49 / All) TIMG4STRok: maybe, im having a bad day
(00:55 / All) ipractice2suck: dont say that
(00:55 / All) ipractice2suck: sigh
(01:04 / All) TIMG4STRok: i just aint feeling it yet
(01:09 / All) ipractice2suck: me neither
(01:16 / All) ipractice2suck: See?
(01:18 / All) ipractice2suck: it doesnt sound nice
(01:22 / All) TIMG4STRok: lmao
(01:27 / All) TIMG4STRok: the good news
(01:27 / All) aLiCiOUS: jay do u wnana tour
(01:28 / All) aLiCiOUS: ?
(01:29 / All) TIMG4STRok: is i wasnt feeling it
(01:31 / All) TIMG4STRok: when i beat you
(01:36 / All) ipractice2suck: trust me
(01:39 / All) ipractice2suck: i wasnt feeling it then
(01:42 / All) Betrayed_Spirit: oh snap were refs
(01:44 / All) Betrayed_Spirit: no
(01:57 / All) ipractice2suck: when i raped phenom and lado
(01:58 / All) aLiCiOUS: JAY WNANA TOUR WIT ME AND VOLCOM
(01:58 / All) ipractice2suck: Countless times
(02:02 / All) ipractice2suck: and i lose to ur elf
(02:04 / All) ipractice2suck: im not on my game
(02:35 / All) Betrayed_Spirit: who else is here
(03:27 / All) Betrayed_Spirit: nooo
(03:42 / All) BRAUMS: follow the U.C.K police!
(05:42 / All) Betrayed_Spirit: wat a douche gnoll overseer
(06:33 / All) BRAUMS: my host
(06:38 / All) TIMG4STRok: \fine
(06:49 / All) BRAUMS: nonon
(06:54 / All) TIMG4STRok: why is panda so huge
(07:01 / All) BRAUMS: to counter the imbalance
(07:03 / All) Betrayed_Spirit: drinks 2 much beer
(07:33 / All) Betrayed_Spirit: jay can i play u next
(07:44 / All) ipractice2suck: sure
(07:47 / All) Betrayed_Spirit: :D
(08:08 / All) Betrayed_Spirit: dont be like dissapointed my skills kinda went down since last time we played
(11:21 / All) Betrayed_Spirit: lawl
(11:26 / All) Betrayed_Spirit: ownnedd
(12:05 / All) Betrayed_Spirit: jay ur like a god or somethin
(13:18 / All) TIMG4STRok: gay lag
(13:20 / All) TIMG4STRok: i bought that orb
(20:58 / All) Betrayed_Spirit: epic fight
(22:24 / All) Betrayed_Spirit: gogogo
(24:01 / All) Betrayed_Spirit: gg
(24:52 / All) Betrayed_Spirit: jay ur 2 godlike
(24:55 / All) BRAUMS: wow
(24:59 / All) BRAUMS: that was nice as fuck
(25:22 / All) BRAUMS: Wow
(25:25 / All) BRAUMS: wow
(25:27 / All) ipractice2suck: Gg